 Dungeon Crawl Stone Soup version 0.21-a0-518-g43a1781 (webtiles) character file.

79 4thArraOfDagon the Skirmisher (level 4, -1/40 HPs)
             Began as a Minotaur Abyssal Knight on Dec 4, 2017.
             Was a Follower of Lugonu.
             Slain by a wight
             ... wielding a cursed +4 mace of freezing
              (8 damage)
             ... on level 4 of the Dungeon.
             The game lasted 00:02:22 (558 turns).

4thArraOfDagon the Skirmisher (MiAK)                 Turns: 558, Time: 00:02:22

Health: -1/40      AC:  8    Str: 15    XL:     4   Next: 16%
Magic:  0/4        EV:  6    Int: 10    God:    Lugonu [*.....]
Gold:   113        SH:  2    Dex:  9    Spells: 3/3 levels left

rFire    + . .     SeeInvis .   a - +1 hand axe
rCold    + . .     Gourm    .   (no shield)
rNeg     . . .     Faith    .   h - +0 chain mail
rPois    +         Spirit   +   (helmet restricted)
rElec    +         Reflect  +   i - scarf {Spirit}
rCorr    +         Harm     .   (no gloves)
MR       .....                  (no boots)
Stlth    ..........             f - +2 amulet of reflection
HPRegen  0.13/turn              k - ring of resist corrosion
MPRegen  0.09/turn              (no ring)

@: resistant, hasted, drained, very quick
A: retaliatory headbutt, horns 2, talons 1, weak 1
a: Depart the Abyss, Renounce Religion


You were on level 4 of the Dungeon.
You worshipped Lugonu.
Lugonu was aware of your devotion.
You were not hungry.

You visited 1 branch of the dungeon, and saw 4 of its levels.
You visited the Abyss 1 time.

You collected 113 gold pieces.

Inventory:

Hand Weapons
 a - a +1 hand axe (weapon)
Missiles
 t - 3 poisoned tomahawks (quivered)
Armour
 b - a +0 leather armour
 d - a +0 ring mail
 h - a +0 chain mail (worn)
 i - a scarf of spirit shield (worn)
Jewellery
 f - a +2 amulet of reflection (around neck)
 k - a ring of resist corrosion (left hand)
Scrolls
 e - 2 scrolls of remove curse {unknown}
 g - a scroll of amnesia {unknown}
 j - a scroll of teleportation {unknown}
 l - a scroll of immolation {unknown}
 m - a scroll of random uselessness {unknown}
 r - 2 scrolls of identify {unknown}
Comestibles
 c - a bread ration
 o - a meat ration
 s - a royal jelly


   Skills:
 + Level 4.1(3.5) Fighting
 * Level 3.7(3.0) Axes
 + Level 3.0(2.4) Armour
 + Level 2.0(1.4) Dodging
 + Level 2.3(1.7) Invocations


You had 3 spell levels left.
You didn't know any spells.

Dungeon Overview and Level Annotations

Branches:
Dungeon (4/15)
 Temple: D:4-7

Altars:


Innate Abilities, Weirdness & Mutations

You reflexively headbutt those who attack you in melee.
You have a pair of horns on your head.
You have sharp toenails.
You are weak. (Str -2)


Message History

The bullfrog hits you but does no damage.
The wight hits you with a dire flail of freezing!
You feel drained.
Your chain mail prevents you from hitting the wight.
The wight is heavily damaged.
You hit the bullfrog. You closely miss the wight.
The bullfrog hits you but does no damage.
The wight hits you but does no damage.
Unknown command.
You hit the wight but do no damage.
You headbutt the wight, but do no damage.
The wight is heavily damaged.
You closely miss the wight. You closely miss the bullfrog.
The bullfrog hits you.
The wight hits you with a dire flail of freezing.
* * * LOW HITPOINT WARNING * * *
The wight freezes you.
* * * LOW HITPOINT WARNING * * *
The wight hits you with a mace of freezing!
You die...

... .#. #.# #.# #.# #.#
#.# ##.# #+## #.# ...
#...# #.# #.### #.....
#.# #.#.## #......
#.#######....####Fz.....
................@zz.....
..###.........###zz.....
.## #.####..#.# #......
.# #.# #.##.# #..... .#
#.# #..##.# #...# .# #.#
#.###.# #+## .# #.# #.
#.# .# #.. ..# ###


You could see a bullfrog and 5 wights.

Vanquished Creatures
  An orc wizard (D:3)
  2 adders
  A worm (D:2)
  2 leopard geckos (D:2)
  4 orcs (D:3)
  2 bats
  A giant cockroach (D:3)
  2 goblins
  5 jackals
  A frilled lizard (D:2)
  2 kobolds (D:2)
  A rat (D:3)
24 creatures vanquished.

Notes
Turn   | Place    | Note
-------+----------+-------------------------------------------
     0 | Abyss:1  | 4thArraOfDagon the Minotaur Abyssal Knight began the quest for the Orb.
     0 | Abyss:1  | Reached XP level 1. HP: 19/19 MP: 1/1
     1 | Abyss:1  | Found a corrupted altar of Lugonu.
    64 | Abyss:2  | Noticed a thrashing horror
    64 | Abyss:2  | Noticed a large abomination
    66 | D:1      | Escaped the Abyss
   228 | D:2      | Reached * piety under Lugonu
   228 | D:2      | Reached XP level 2. HP: 23/27 MP: 2/2
   382 | D:3      | Reached XP level 3. HP: 12/33 MP: 0/3
   389 | D:3      | Gained mutation: You are weak. (Str -2) [potion of mutation]
   389 | D:3      | Gained mutation: You have sharp toenails. [potion of mutation]
   427 | D:3      | Reached skill level 4 in Fighting
   444 | D:3      | Reached XP level 4. HP: 23/40 MP: 4/4
   548 | D:4      | Noticed a bullfrog
   558 | D:4      | Slain by a wight

Vault maps used:
D:1:      minmay_arrival_four_houses, minmay_cupped
D:3:      uniq_ijyb
D:4:      first_bread, uniq_grinder
Abyss:1:  evilmike_abyss_exit_6

Skill      XL: |  1  2  3 |
---------------+----------+-----
Invocations    | 2 |  2.3
Axes           | 3 |  3.7
Fighting       | 4 |  4.1
Armour         | 3 |  3.0
Dodging        | 2 |  2.0

Action                   |  1- 3 |  4- 6 || total
-------------------------+-------+-------++-------
Melee: Hand axe          |    59 |    10 ||    69
       Kick              |     2 |     2 ||     4
       Headbutt          |     2 |     1 ||     3
Invok: Depart the Abyss  |     1 |       ||     1
  Use: Potion            |     3 |     3 ||     6
 Stab: Invisible         |     4 |       ||     4
Armor: Ring mail         |    24 |       ||    24
       Chain mail        |    10 |     7 ||    17
Dodge: Dodged            |    26 |     6 ||    32
Block: Other             |    10 |     1 ||    11

Table legend:
 A = Spawn XP
 B = Non-spawn XP
 C = Spawn XP percentage of total XP
 D = Spawn monster count
 E = Non-spawn monster count
 F = Spawn count percentage of total count
 G = Total turns spent on level
                    A         B        C        D         E        F      G
               +---------+---------+-------+---------+---------+-------+---------
         Total |       0 |     113 |   0.0 |       0 |      24 |   0.0 |   558
               +---------+---------+-------+---------+---------+-------+---------
           D:1 |       0 |       6 |   0.0 |       0 |       3 |   0.0 |   110
           D:2 |       0 |      31 |   0.0 |       0 |       9 |   0.0 |   187
           D:3 |       0 |      63 |   0.0 |       0 |      11 |   0.0 |   121
           D:4 |       0 |      13 |   0.0 |       0 |       1 |   0.0 |    74
               +---------+---------+-------+---------+---------+-------+---------
